[Event "CAT-ch Open-Women 2019"]
[Site "Platja de la Pineda"]
[Date "2019.04.20"]
[Round "5.11"]
[White "Barberans Sola, Sebastia"]
[Black "Madria Garriga, Vidal"]
[Result "1/2-1/2"]
[ECO "A48"]
[WhiteElo "1935"]
[BlackElo "2017"]
[Annotator "NA"]
[PlyCount "107"]
[EventDate "2019.04.18"]
[EventType "swiss"]
[EventCountry "ESP"]
[SourceTitle "playchess.com"]
[Source "ChessBase"]
[SourceQuality "1"]
[TimeControl "5400+30"]

1. d4 Nf6 2. Bf4 g6 3. e3 Bg7 4. Be2 d6 5. Nf3 O-O 6. O-O Nc6 7. h3 e5 8. Bh2 Ne4 9. c3 f5 10. Qb3+ Kh8 11. Rd1 Qe7 12. Re1 Rb8 13. Qa3 Qf7 14. Nfd2 a6 15. Qb3 Be6 16. Qc2 b5 17. a3 d5 18. Nf3 g5 19. Nxe5 Nxe5 20. Bxe5 Bxe5 21. dxe5 f4 22. exf4 Qxf4 23. Bf3 Bf5 24. Qe2 Bg6 25. Bxe4 dxe4 26. Nd2 Rbe8 27. Qe3 Rxe5 28. f3 Rfe8 29. Qxf4 gxf4 30. fxe4 Bxe4 31. Nxe4 Rxe4 32. Kf2 Kg7 33. Rxe4 Rxe4 34. Rd1 Rc4 35. Rd7+ Kg6 36. Kf3 h6 37. Re7 Kf5 38. Re8 a5 39. Ra8 a4 40. Rb8 c6 41. Rd8 Kg6 42. Rd6+ Kg5 43. Re6 Kh5 44. Rf6 Kg5 45. Rf8 h5 46. Rf7 Rc5 47. Rxf4 Rd5 48. h4+ Kg6 49. Ke3 Rd1 50. Rf2 Rh1 51. Rd2 Kf5 52. Rd6 Rb1 53. Rd2 Kg4 54. Rf2 1/2-1/2

[Event "CAT-ch Open-Women 2019"]
[Site "Platja de la Pineda"]
[Date "2019.04.20"]
[Round "5.12"]
[White "Hernando Rodrigo, Julio Antonio"]
[Black "Ruperez, Miguel"]
[Result "0-1"]
[ECO "E11"]
[WhiteElo "2308"]
[BlackElo "2168"]
[Annotator "ChessBase"]
[PlyCount "102"]
[EventDate "2019.04.18"]
[EventType "swiss"]
[EventCountry "ESP"]
[SourceTitle "playchess.com"]
[Source "ChessBase"]
[SourceQuality "1"]
[TimeControl "5400+30"]

1. d4 Nf6 2. c4 e6 3. Nf3 Bb4+ 4. Bd2 a5 5. g3 d6 6. Bg2 Nbd7 7. O-O e5 8. e3 c6 9. Bc1 e4 10. Ng5 d5 11. c5 h6 12. Nh3 a4 13. a3 Ba5 14. Qxa4 Nf8 15. b4 Bxh3 16. Bxh3 Bc7 17. Qc2 N8h7 18. Bg2 h5 19. f3 exf3 20. Bxf3 Qd7 21. Bg2 h4 22. gxh4 Qg4 23. Rf3 Qxh4 24. Rh3 Qg4 25. e4 Nxe4 26. Nc3 O-O-O 27. Nxe4 dxe4 28. Qxe4 Qd1+ 29. Bf1 Nf6 30. Qf5+ Kb8 31. Bb2 Qd2 32. Qf2 Qg5+ 33. Qg2 Qf5 34. d5 Nxd5 35. Bc1 Be5 36. Ra2 Rxh3 37. Qxh3 Qb1 38. Re2 Bd4+ 39. Kh1 Qxc1 40. b5 Nf4 41. Qf3 Nxe2 42. bxc6 bxc6 43. Qb3+ Kc8 44. Qf3 Kc7 45. Qxe2 Re8 46. Qa6 Qxc5 47. h3 Qd5+ 48. Kh2 Qe5+ 49. Kh1 Qe4+ 50. Bg2 Qe1+ 51. Bf1 Qf2 0-1

[Event "CAT-ch Open-Women 2019"]
[Site "Platja de la Pineda"]
[Date "2019.04.20"]
[Round "5.12"]
[White "Saurina Suner, Francesc Xavier"]
[Black "Jul Perez, Alberto"]
[Result "0-1"]
[ECO "B70"]
[WhiteElo "2012"]
[BlackElo "1945"]
[Annotator "NA"]
[PlyCount "91"]
[EventDate "2019.04.18"]
[EventType "swiss"]
[EventCountry "ESP"]
[SourceTitle "playchess.com"]
[Source "ChessBase"]
[SourceQuality "1"]
[TimeControl "5400+30"]

1. e4 c5 2. Nf3 d6 3. d4 cxd4 4. Nxd4 Nf6 5. Nc3 g6 6. Bg5 Bg7 7. Bb5+ Bd7 8. Qe2 O-O 9. O-O-O Nc6 10. f4 Nxd4 11. Rxd4 Bxb5 12. Nxb5 Qa5 13. e5 dxe5 14. fxe5 Qxa2 15. Nc3 Qa1+ 16. Nb1 Rfe8 17. Bd2 a5 18. c3 a4 19. exf6 Bxf6 20. Rb4 a3 21. bxa3 Rxa3 22. Qd3 Rc8 23. Rc4 Rca8 24. Kd1 R3a6 25. Ke2 Rd6 26. Rd4 Bxd4 27. cxd4 Rxd4 28. Qb5 Ra2 29. Rf1 Kf8 30. Qb3 Raxd2+ 31. Nxd2 Rxd2+ 32. Kxd2 Qxf1 33. Qxb7 Qf4+ 34. Ke2 Qxh2 35. Kf2 Qf4+ 36. Kg1 Qd4+ 37. Kh2 h5 38. Qc8+ Kg7 39. Qe8 e5 40. Qe7 h4 41. Kh1 Qf4 42. Kg1 Qg3 43. Kh1 g5 44. Kg1 h3 45. Kf1 h2 46. Qd6 0-1

[Event "CAT-ch Open-Women 2019"]
[Site "Platja de la Pineda"]
[Date "2019.04.21"]
[Round "6.1"]
[White "Martin Barcelo, Carles"]
[Black "Chueca Forcen, Alberto"]
[Result "0-1"]
[ECO "B03"]
[WhiteElo "2030"]
[BlackElo "2270"]
[Annotator "NA"]
[PlyCount "72"]
[EventDate "2019.04.18"]
[EventType "swiss"]
[EventCountry "ESP"]
[SourceTitle "playchess.com"]
[Source "ChessBase"]
[SourceQuality "1"]
[TimeControl "5400+30"]

1. e4 Nf6 2. e5 Nd5 3. d4 d6 4. c4 Nb6 5. exd6 exd6 6. Nc3 Be7 7. Be3 O-O 8. Qf3 c6 9. Bd3 d5 10. cxd5 Nxd5 11. Nxd5 Qxd5 12. Qxd5 cxd5 13. Ne2 Nc6 14. Rc1 Be6 15. Kd2 h6 16. Rhd1 Rfc8 17. Ke1 Kf8 18. h3 Ke8 19. Nc3 Na5 20. Na4 Nc4 21. Rc2 Nxe3 22. fxe3 Rxc2 23. Bxc2 Kd7 24. Nc5+ Bxc5 25. dxc5 Kc6 26. b4 Kb5 27. Rb1 Rd8 28. Bd3+ Kc6 29. Kd2 d4 30. exd4 Rxd4 31. Ke3 Rxd3+ 32. Kxd3 Bf5+ 33. Kc4 Bxb1 34. b5+ Kd7 35. a4 Ba2+ 36. Kd4 b6 0-1

[Event "CAT-ch Open-Women 2019"]
[Site "Platja de la Pineda"]
[Date "2019.04.21"]
[Round "6.2"]
[White "Moskalenko, Viktor"]
[Black "Perez Mitjans, Orelvis"]
[Result "0-1"]
[ECO "B15"]
[WhiteElo "2515"]
[BlackElo "2377"]
[Annotator "ChessBase"]
[PlyCount "57"]
[EventDate "2019.04.18"]
[EventType "swiss"]
[EventCountry "ESP"]
[SourceTitle "playchess.com"]
[Source "ChessBase"]
[SourceQuality "1"]
[TimeControl "5400+30"]

1. d4 g6 2. e4 Bg7 3. Nc3 c6 4. Nf3 d5 5. exd5 cxd5 6. Bf4 Nf6 7. Qd2 O-O 8. Ne5 Nc6 9. O-O-O Be6 10. f3 Qa5 11. g4 Rfc8 12. Kb1 Nd7 13. Nxc6 bxc6 14. h4 c5 15. Nxd5 Qd8 16. Nc7 Rxc7 17. d5 Rb7 18. b3 Bxg4 19. fxg4 a5 20. a4 c4 21. Bxc4 Nc5 22. Qe3 Nxa4 23. Be5 Bxe5 24. Qxe5 Qd6 25. Qxd6 exd6 26. Rd4 Nc5 27. h5 a4 28. hxg6 fxg6 29. Rh3 0-1

[Event "CAT-ch Open-Women 2019"]
[Site "Platja de la Pineda"]
[Date "2019.04.21"]
[Round "6.2"]
[White "Garcia De Blas, Esteban"]
[Black "Garcia Jimenez, Francisco Javier"]
[Result "1/2-1/2"]
[ECO "D02"]
[WhiteElo "1989"]
[BlackElo "2254"]
[Annotator "NA"]
[PlyCount "107"]
[EventDate "2019.04.18"]
[EventType "swiss"]
[EventCountry "ESP"]
[SourceTitle "playchess.com"]
[Source "ChessBase"]
[SourceQuality "1"]
[TimeControl "5400+30"]

1. d4 Nf6 2. Nf3 c5 3. c3 d5 4. g3 Nc6 5. Bg2 Bf5 6. O-O e6 7. Nbd2 cxd4 8. Nxd4 Nxd4 9. cxd4 Bd6 10. Nb1 O-O 11. Nc3 a6 12. Bg5 Be7 13. e3 b5 14. Bxf6 Bxf6 15. Qd2 Qb6 16. Rfc1 Rfc8 17. Ne2 Be7 18. Rxc8+ Rxc8 19. Rc1 Rc4 20. Bf1 f6 21. Nc3 Rc6 22. Bd3 Bxd3 23. Qxd3 f5 24. Qd1 Rc4 25. b3 Rc7 26. Ne2 Kf7 27. Rxc7 Qxc7 28. Qc1 Qa5 29. Qc2 Qe1+ 30. Kg2 g5 31. Nc1 b4 32. Nd3 Qc3 33. Ne5+ Kf6 34. Qe2 Bd6 35. Qh5 Bxe5 36. Qh6+ Kf7 37. dxe5 Qxe5 38. Qxh7+ Qg7 39. Qh5+ Kf6 40. Qe2 Qb7 41. Kg1 Qc6 42. Qh5 g4 43. Qh8+ Kf7 44. Qh7+ Ke8 45. Qa7 Qd6 46. Qh7 Kd8 47. Kg2 Qc6 48. Kg1 Qd7 49. Qh8+ Kc7 50. h4 gxh3 51. Qxh3 d4 52. exd4 Qxd4 53. Qh7+ Kd6 54. Qb7 1/2-1/2

[Event "CAT-ch Open-Women 2019"]
[Site "Platja de la Pineda"]
[Date "2019.04.21"]
[Round "6.3"]
[White "Jul Perez, Alberto"]
[Black "Bravo Barranco, Narciso"]
[Result "1/2-1/2"]
[ECO "B01"]
[WhiteElo "1945"]
[BlackElo "2252"]
[Annotator "NA"]
[PlyCount "88"]
[EventDate "2019.04.18"]
[EventType "swiss"]
[EventCountry "ESP"]
[SourceTitle "playchess.com"]
[Source "ChessBase"]
[SourceQuality "1"]
[TimeControl "5400+30"]

1. e4 d5 2. exd5 Qxd5 3. Nc3 Qd6 4. Nf3 Nf6 5. d3 c6 6. g3 Bg4 7. h3 Bh5 8. g4 Bg6 9. Bg2 h6 10. Be3 e6 11. Qd2 Qc7 12. a3 Nbd7 13. Nd4 Bc5 14. O-O-O O-O-O 15. Nb3 Bxe3 16. Qxe3 Kb8 17. f4 Rhe8 18. Rhf1 Nd5 19. Nxd5 exd5 20. Qf2 Re7 21. Rde1 Rde8 22. Rxe7 Rxe7 23. Kd2 f6 24. f5 Bf7 25. d4 Qh2 26. Qf4+ Qxf4+ 27. Rxf4 Nb6 28. Na5 Kc7 29. b4 Nc8 30. Bf1 Nd6 31. Bd3 b6 32. Nb3 Nc4+ 33. Bxc4 dxc4 34. Nc1 c3+ 35. Kd3 Re1 36. Ne2 Ra1 37. Nxc3 Bd5 38. Nxd5+ cxd5 39. h4 Rxa3+ 40. c3 Ra2 41. g5 Rg2 42. gxh6 Rg3+ 43. Kc2 gxh6 44. b5 h5 1/2-1/2

[Event "CAT-ch Open-Women 2019"]
[Site "Platja de la Pineda"]
[Date "2019.04.21"]
[Round "6.4"]
[White "Fernandez Diaz, Cristian"]
[Black "Pla Almenar, Nel"]
[Result "1-0"]
[ECO "A49"]
[WhiteElo "2237"]
[BlackElo "2006"]
[Annotator "NA"]
[PlyCount "135"]
[EventDate "2019.04.18"]
[EventType "swiss"]
[EventCountry "ESP"]
[SourceTitle "playchess.com"]
[Source "ChessBase"]
[SourceQuality "1"]
[TimeControl "5400+30"]

1. Nf3 Nf6 2. c4 g6 3. b3 Bg7 4. Bb2 d6 5. d4 O-O 6. g3 e5 7. dxe5 Nfd7 8. Bg2 dxe5 9. Nc3 f5 10. O-O Nc6 11. Qc1 e4 12. Ng5 Nf6 13. Rd1 Qe7 14. h4 Ne5 15. a4 c5 16. a5 a6 17. Nd5 Nxd5 18. cxd5 Rd8 19. Ba3 Bf8 20. Qc3 h6 21. Nh3 Ng4 22. Rac1 Nf6 23. Nf4 Kh7 24. h5 Nxh5 25. Nxh5 gxh5 26. Qe3 Qg5 27. Qc3 Bd7 28. Bxc5 Bxc5 29. Qxc5 Rac8 30. Qa3 h4 31. Rxc8 Rxc8 32. Qd6 Bb5 33. Qe6 Rg8 34. Bh3 Rf8 35. Qd6 Rf7 36. Qe6 Rf8 37. Qd6 Rf7 38. e3 hxg3 39. Qxg3 Qh5 40. Rc1 Rg7 41. Rc7 Bd7 42. Rxd7 Rxd7 43. Kh2 Rxd5 44. Qc7+ Kg8 45. Qc8+ Kg7 46. Qxb7+ Qf7 47. Qxa6 Rd2 48. Kg3 Kh7 49. Qf1 Qg6+ 50. Kh2 Qd6+ 51. Kg2 Rd1 52. Bxf5+ Kh8 53. Qc4 Qf6 54. Qxe4 Qg7+ 55. Kf3 Rd8 56. Qf4 Rf8 57. e4 Ra8 58. b4 Rd8 59. Qe3 h5 60. a6 Rf8 61. Qf4 Qc3+ 62. Qe3 Qg7 63. Ke2 Qb2+ 64. Qd2 Qf6 65. b5 Rd8 66. Qe3 Qb2+ 67. Kf3 Kg7 68. Qg5+ 1-0

[Event "CAT-ch Open-Women 2019"]
[Site "Platja de la Pineda"]
[Date "2019.04.21"]
[Round "6.4"]
[White "Ventura Bolet, Alexandre"]
[Black "Gonzalez Garcia, Jose"]
[Result "0-1"]
[ECO "A09"]
[WhiteElo "2191"]
[BlackElo "2492"]
[Annotator "ChessBase"]
[PlyCount "114"]
[EventDate "2019.04.18"]
[EventType "swiss"]
[EventCountry "ESP"]
[SourceTitle "playchess.com"]
[Source "ChessBase"]
[SourceQuality "1"]
[TimeControl "5400+30"]

1. Nf3 d5 2. c4 d4 3. d3 Nc6 4. g3 e5 5. Bg2 Nf6 6. O-O Bc5 7. e3 dxe3 8. Bxe3 Bxe3 9. fxe3 e4 10. dxe4 Qxd1 11. Rxd1 Bg4 12. Nbd2 O-O-O 13. e5 Nd7 14. h3 Bxf3 15. Nxf3 Ndxe5 16. Nxe5 Nxe5 17. b3 c6 18. Kf2 Kc7 19. Ke2 Rde8 20. Rd4 Re7 21. Rad1 Rhe8 22. Kf2 a5 23. R1d2 Nd7 24. Rh4 h6 25. Rg4 f6 26. h4 g5 27. Rgd4 Nc5 28. Rd6 Rxe3 29. Rxf6 Nd3+ 30. Kg1 Rxg3 31. Kh2 Ree3 32. Rxh6 Ne5 33. Rh7+ Kb6 34. Bf1 Ng4+ 35. Kh1 Rgf3 36. Kg2 Rg3+ 37. Kh1 Re1 38. Rf7 Ne3 39. Rdf2 Rh3+ 40. Kg1 Rxh4 41. a3 Rg4+ 42. Kh2 Nxf1+ 43. Rxf1 Rxf1 44. Rxf1 Rf4 45. Rb1 Rf3 46. Kg2 Rc3 47. b4 Rxa3 48. bxa5+ Kc7 49. Rc1 Rxa5 50. c5 Ra3 51. Rc4 Rd3 52. Kf2 Rd5 53. Kg3 Re5 54. Kg4 b5 55. Rc1 Kb7 56. Rc2 Re4+ 57. Kxg5 Rc4 0-1

[Event "CAT-ch Open-Women 2019"]
[Site "Platja de la Pineda"]
[Date "2019.04.21"]
[Round "6.6"]
[White "Del Amo Carbo, Jordi"]
[Black "Ros Alonso, Joana"]
[Result "1-0"]
[ECO "A05"]
[WhiteElo "2175"]
[BlackElo "1954"]
[Annotator "NA"]
[PlyCount "123"]
[EventDate "2019.04.18"]
[EventType "swiss"]
[EventCountry "ESP"]
[SourceTitle "playchess.com"]
[Source "ChessBase"]
[SourceQuality "1"]
[TimeControl "5400+30"]

1. Nf3 Nf6 2. g3 g6 3. Bg2 Bg7 4. O-O d5 5. b3 c5 6. d4 Nc6 7. Bb2 O-O 8. dxc5 Qa5 9. Nbd2 Qxc5 10. Rc1 Rd8 11. Ne5 Bf5 12. Nxc6 bxc6 13. e3 Rac8 14. Qe2 a5 15. Rfd1 a4 16. c4 Qb6 17. Bd4 Qa6 18. b4 Bg4 19. f3 Bd7 20. a3 Ne8 21. Bxg7 Kxg7 22. Bf1 Nd6 23. c5 Qxe2 24. Bxe2 Nb5 25. Bxb5 cxb5 26. Nb1 Bc6 27. Kf2 e5 28. g4 g5 29. Nc3 Rd7 30. Ne2 Rcd8 31. Ng3 Kf6 32. Rd2 Ke6 33. Rh1 f6 34. h4 d4 35. e4 gxh4 36. Rxh4 Rf7 37. Ke2 Rdd7 38. Kd3 Ke7 39. Rdh2 Kf8 40. Rh6 Ke7 41. Nf5+ Ke6 42. g5 Rc7 43. gxf6 Rxf6 44. Rxh7 Rxh7 45. Rxh7 Rf7 46. Rxf7 Kxf7 47. f4 exf4 48. Nxd4 Be8 49. e5 Ke7 50. Ke4 f3 51. Kxf3 Kd8 52. Ke4 Kc7 53. e6 Bg6+ 54. Ke5 Be8 55. Kf6 Kd8 56. Nf5 Bc6 57. e7+ Kd7 58. Nd6 Kc7 59. e8=Q Bxe8 60. Nxe8+ Kd7 61. Nd6 Kc6 62. Ke6 {Kd5+} 1-0

[Event "CAT-ch Open-Women 2019"]
[Site "Platja de la Pineda"]
[Date "2019.04.21"]
[Round "6.7"]
[White "Madria Garriga, Vidal"]
[Black "Hernando Rodrigo, Julio Antonio"]
[Result "0-1"]
[ECO "A45"]
[WhiteElo "2017"]
[BlackElo "2308"]
[Annotator "NA"]
[PlyCount "51"]
[EventDate "2019.04.18"]
[EventType "swiss"]
[EventCountry "ESP"]
[SourceTitle "playchess.com"]
[Source "ChessBase"]
[SourceQuality "1"]
[TimeControl "5400+30"]

1. d4 Nf6 2. Bf4 c5 3. e3 g6 4. Nc3 Bg7 5. h4 d5 6. Nb5 Na6 7. c3 Bd7 8. a4 O-O 9. Be2 h5 10. Be5 Qb6 11. Nh3 c4 12. Nf4 Bxb5 13. axb5 Qxb5 14. b4 Rad8 15. Ra5 Qc6 16. Qa1 Nc7 17. Rc5 Qa6 18. Ra5 Qb6 19. Bxc7 Qxc7 20. Rxa7 e5 21. Nh3 exd4 22. exd4 Rfe8 23. Kf1 Ne4 24. Ra2 Bh6 25. Kg1 Bd2 26. Rc2 0-1

[Event "CAT-ch Open-Women 2019"]
[Site "Platja de la Pineda"]
[Date "2019.04.21"]
[Round "6.8"]
[White "Garcia Ramos, Daniel"]
[Black "Barbero Sendic, Alejandro"]
[Result "1/2-1/2"]
[ECO "C01"]
[WhiteElo "2286"]
[BlackElo "2361"]
[Annotator "NA"]
[PlyCount "78"]
[EventDate "2019.04.18"]
[EventType "swiss"]
[EventCountry "ESP"]
[SourceTitle "playchess.com"]
[Source "ChessBase"]
[SourceQuality "1"]
[TimeControl "5400+30"]

1. e4 e6 2. d4 d5 3. Bd3 dxe4 4. Bxe4 Nf6 5. Bf3 c5 6. Ne2 Nc6 7. Be3 cxd4 8. Nxd4 Ne5 9. Nc3 a6 10. Qe2 Nxf3+ 11. Qxf3 e5 12. Nb3 Bb4 13. Bc5 Bxc5 14. Nxc5 Qc7 15. Nb3 O-O 16. O-O Bg4 17. Qe3 Bf5 18. Qe2 b5 19. a3 Rfe8 20. Rad1 Bg6 21. h3 Nh5 22. g3 e4 23. Nd5 Qe5 24. Rd4 Rac8 25. c3 Qe6 26. Kh2 f5 27. Qe3 Bf7 28. Nc1 h6 29. Ne2 Rc5 30. Rfd1 Qe5 31. Nb6 Nf6 32. Nd7 Nxd7 33. Rxd7 Rc7 34. Qb6 Rxd7 35. Rxd7 e3 36. Qxe3 Qxe3 37. fxe3 Rxe3 38. Rd2 g5 39. Nd4 Be6 1/2-1/2

[Event "CAT-ch Open-Women 2019"]
[Site "Platja de la Pineda"]
[Date "2019.04.21"]
[Round "6.8"]
[White "Boixader Arbo, Xavier"]
[Black "Barberans Sola, Sebastia"]
[Result "1-0"]
[ECO "C00"]
[WhiteElo "2154"]
[BlackElo "1935"]
[Annotator "NA"]
[PlyCount "79"]
[EventDate "2019.04.18"]
[EventType "swiss"]
[EventCountry "ESP"]
[SourceTitle "playchess.com"]
[Source "ChessBase"]
[SourceQuality "1"]
[TimeControl "5400+30"]

1. e4 e6 2. d3 d5 3. Qe2 Nf6 4. Nf3 Be7 5. g3 c5 6. Bg2 Nc6 7. O-O O-O 8. e5 Nd7 9. c4 dxc4 10. dxc4 Nd4 11. Nxd4 cxd4 12. Bf4 Qb6 13. h4 f6 14. exf6 Bxf6 15. Na3 e5 16. Bd5+ Kh8 17. Bd2 e4 18. Nb5 a6 19. Bb4 Nc5 20. Bxe4 Re8 21. Qh5 Rxe4 22. Bxc5 Qc6 23. Nd6 Bh3 24. Nxe4 Bxf1 25. Rxf1 Qxe4 26. Qd5 Re8 27. Qxe4 Rxe4 28. Rd1 g6 29. b3 Kg8 30. Kf1 Re8 31. Re1 Rc8 32. Be7 Kf7 33. Bxf6 Kxf6 34. Ke2 Re8+ 35. Kd2 Rxe1 36. Kxe1 Kf5 37. f3 h5 38. Ke2 g5 39. hxg5 Kxg5 40. Kd3 1-0

[Event "CAT-ch Open-Women 2019"]
[Site "Platja de la Pineda"]
[Date "2019.04.21"]
[Round "6.9"]
[White "Ruperez, Miguel"]
[Black "Esplugas Esteve, Vicenc"]
[Result "0-1"]
[ECO "A40"]
[WhiteElo "2168"]
[BlackElo "2297"]
[Annotator "NA"]
[PlyCount "112"]
[EventDate "2019.04.18"]
[EventType "swiss"]
[EventCountry "ESP"]
[SourceTitle "playchess.com"]
[Source "ChessBase"]
[SourceQuality "1"]
[TimeControl "5400+30"]

1. d4 e6 2. c4 b6 3. Nc3 Bb7 4. a3 f5 5. f3 g6 6. Nh3 Bg7 7. e3 Nf6 8. Be2 O-O 9. O-O Qe7 10. Nf2 c5 11. d5 exd5 12. cxd5 d6 13. Nh3 Na6 14. Nf4 Nc7 15. h4 a6 16. a4 Nd7 17. g3 Ne5 18. Qb3 Rfb8 19. e4 b5 20. exf5 gxf5 21. axb5 axb5 22. Rxa8 Bxa8 23. Rd1 b4 24. Na4 Nb5 25. Ne6 Nd4 26. Nxd4 cxd4 27. Kg2 Ng4 28. Bc4 Ne5 29. Bf1 Qa7 30. Bf4 Qf7 31. Rxd4 Nxf3 32. Rxb4 Rxb4 33. Qxb4 Bxd5 34. Qb8+ Bf8 35. Bxd6 Nxh4+ 36. Kf2 Ng6 37. Bxf8 Nxf8 38. Nb6 Be6 39. Bd3 Qf6 40. Qf4 Qxb2+ 41. Kf1 Qxb6 42. Qg5+ Ng6 43. g4 Qd4 44. Bxf5 Bxf5 45. Qxf5 Qf4+ 46. Qxf4 Nxf4 47. Kf2 Kg7 48. Kf3 Ng6 49. g5 Nf8 50. Kg4 Kg6 51. Kh4 Ne6 52. Kg4 Nxg5 53. Kh4 Nf7 54. Kg4 Nd6 55. Kf4 h5 56. Ke5 Kg5 0-1

[Event "CAT-ch Open-Women 2019"]
[Site "Platja de la Pineda"]
[Date "2019.04.21"]
[Round "6.9"]
[White "Ruiz Herrero, Victor"]
[Black "Garcia Espelta, Josep"]
[Result "1-0"]
[ECO "B43"]
[WhiteElo "1924"]
[BlackElo "2037"]
[Annotator "NA"]
[PlyCount "61"]
[EventDate "2019.04.18"]
[EventType "swiss"]
[EventCountry "ESP"]
[SourceTitle "playchess.com"]
[Source "ChessBase"]
[SourceQuality "1"]
[TimeControl "5400+30"]

1. e4 c5 2. Nf3 e6 3. d4 cxd4 4. Nxd4 a6 5. Nc3 Qc7 6. g3 Bb4 7. Bd2 Nf6 8. Bg2 Nc6 9. Nxc6 dxc6 10. O-O e5 11. Na4 Bxd2 12. Qxd2 b5 13. Nc5 Qe7 14. Qc3 O-O 15. Nd3 Re8 16. Qc5 Qe6 17. a4 Nd7 18. Qc3 Qc4 19. Ra3 Nb6 20. a5 Qxc3 21. Rxc3 Nc4 22. Ra1 Be6 23. b3 Nd6 24. Rxc6 Red8 25. Nxe5 Rac8 26. Rc1 Nb7 27. Rxa6 Bxb3 28. Nc6 Nc5 29. cxb3 Nxa6 30. Ne7+ Kf8 31. Nxc8 1-0

[Event "CAT-ch Open-Women 2019"]
[Site "Platja de la Pineda"]
[Date "2019.04.21"]
[Round "6.10"]
[White "Valenzuela Gomez, Fernando"]
[Black "Campos Cayuelas, Adria"]
[Result "1-0"]
[ECO "E91"]
[WhiteElo "2406"]
[BlackElo "2162"]
[Annotator "NA"]
[PlyCount "65"]
[EventDate "2019.04.18"]
[EventType "swiss"]
[EventCountry "ESP"]
[SourceTitle "playchess.com"]
[Source "ChessBase"]
[SourceQuality "1"]
[TimeControl "5400+30"]

1. d4 Nf6 2. c4 g6 3. Nc3 Bg7 4. e4 d6 5. Nf3 Bg4 6. Be2 O-O 7. Be3 Nfd7 8. Qd2 e5 9. d5 a5 10. h4 Na6 11. h5 Bxf3 12. gxf3 f6 13. hxg6 hxg6 14. O-O-O Kf7 15. f4 exf4 16. Bxf4 Rh8 17. Rhg1 Nac5 18. Bg4 Qe8 19. Rg2 Ne5 20. Be2 Rh4 21. f3 Qh8 22. Be3 Rh2 23. Rxh2 Qxh2 24. Kb1 Rh8 25. Nb5 Na6 26. c5 Bf8 27. c6 Qg2 28. cxb7 Be7 29. a3 Nxf3 30. Qc2 Ne5 31. Na7 Nc5 32. Bxc5 dxc5 33. d6 1-0

[Event "CAT-ch Open-Women 2019"]
[Site "Platja de la Pineda"]
[Date "2019.04.21"]
[Round "6.10"]
[White "Millaret Lores, Francesc"]
[Black "Pellicer Roncero, Nestor"]
[Result "1-0"]
[ECO "B42"]
[WhiteElo "2028"]
[BlackElo "1972"]
[Annotator "NA"]
[PlyCount "95"]
[EventDate "2019.04.18"]
[EventType "swiss"]
[EventCountry "ESP"]
[SourceTitle "playchess.com"]
[Source "ChessBase"]
[SourceQuality "1"]
[TimeControl "5400+30"]

1. e4 c5 2. Nf3 e6 3. d4 cxd4 4. Nxd4 a6 5. Bd3 Nc6 6. Nf3 Nf6 7. O-O d5 8. e5 Nd7 9. Re1 Be7 10. c3 O-O 11. Qc2 g6 12. Bh6 Re8 13. Nbd2 Bf8 14. Bxf8 Rxf8 15. Nb3 Qc7 16. Qe2 Kg7 17. Rad1 b5 18. Nbd4 Nxd4 19. Nxd4 Nc5 20. Bb1 f5 21. exf6+ Rxf6 22. g3 Bd7 23. Qe5 Qxe5 24. Rxe5 Na4 25. Rd2 Nb6 26. Bd3 Nc4 27. Bxc4 bxc4 28. Rde2 Rb8 29. Kg2 Rb6 30. g4 Rf8 31. Nxe6+ Bxe6 32. Rxe6 Rfb8 33. Rxb6 Rxb6 34. g5 Rb5 35. h4 h6 36. f4 hxg5 37. hxg5 Kf7 38. Kf2 Rb6 39. Ke1 a5 40. a4 Rb8 41. Kf2 Rb6 42. Kf3 Rb8 43. Kg4 Rb6 44. f5 gxf5+ 45. Kxf5 Rb7 46. g6+ Kf8 47. Kf6 Rb6+ 48. Re6 1-0

[Event "CAT-ch Open-Women 2019"]
[Site "Platja de la Pineda"]
[Date "2019.04.21"]
[Round "6.11"]
[White "Gonzalez Vericat, Sergio"]
[Black "Herrera Reyes, Jose Antonio"]
[Result "0-1"]
[ECO "A04"]
[WhiteElo "2122"]
[BlackElo "2355"]
[Annotator "NA"]
[PlyCount "86"]
[EventDate "2019.04.18"]
[EventType "swiss"]
[EventCountry "ESP"]
[SourceTitle "playchess.com"]
[Source "ChessBase"]
[SourceQuality "1"]
[TimeControl "5400+30"]

1. b3 c5 2. Nf3 e6 3. Bb2 b6 4. g3 Bb7 5. Bg2 Nf6 6. O-O Be7 7. d3 d6 8. Nbd2 Nbd7 9. e4 Qc7 10. a4 a6 11. Qe2 O-O 12. Ne1 d5 13. e5 Ne8 14. f4 g6 15. g4 Ng7 16. g5 b5 17. Nef3 c4 18. bxc4 bxc4 19. dxc4 Nb6 20. cxd5 Nxd5 21. Nd4 Nh5 22. Qc4 Qd8 23. Qb3 Rb8 24. c4 Ba8 25. cxd5 Rxb3 26. N2xb3 Bxd5 27. Bxd5 Qxd5 28. Rac1 Bb4 29. Rf3 Qe4 30. Rcf1 Rb8 31. Ba1 Rc8 32. Bb2 Be7 33. Bc1 Rc4 34. Re3 Qd5 35. Bb2 Rxa4 36. Rc3 Ra2 37. Rc8+ Kg7 38. f5 Bxg5 39. Nxe6+ fxe6 40. f6+ Kh6 41. f7 Be3+ 42. Rf2 Bxf2+ 43. Kf1 Qd3+ 0-1

[Event "CAT-ch Open-Women 2019"]
[Site "Platja de la Pineda"]
[Date "2019.04.21"]
[Round "6.11"]
[White "Guix Torres, David"]
[Black "Martin Perez, Laura"]
[Result "1/2-1/2"]
[ECO "B22"]
[WhiteElo "1972"]
[BlackElo "2105"]
[Annotator "NA"]
[PlyCount "49"]
[EventDate "2019.04.18"]
[EventType "swiss"]
[EventCountry "ESP"]
[SourceTitle "playchess.com"]
[Source "ChessBase"]
[SourceQuality "1"]
[TimeControl "5400+30"]

1. e4 c5 2. d4 cxd4 3. c3 Nf6 4. e5 Nd5 5. Nf3 Nc6 6. Bc4 Nb6 7. Bb3 d5 8. exd6 Qxd6 9. O-O e6 10. cxd4 Be7 11. Nc3 a6 12. Qd3 Nb4 13. Qe4 N4d5 14. Re1 Nf6 15. Qd3 O-O 16. Bg5 h6 17. Bh4 Nfd5 18. Bxe7 Nxe7 19. Ne4 Qd8 20. Bc2 g6 21. Ne5 Nbd5 22. Qh3 Kg7 23. Rad1 Nf5 24. Nc3 Nde7 25. Be4 1/2-1/2

[Event "CAT-ch Open-Women 2019"]
[Site "Platja de la Pineda"]
[Date "2019.04.21"]
[Round "6.12"]
[White "Gomez Anadon, Daniel"]
[Black "Jareno Badenas, Aleix"]
[Result "1-0"]
[ECO "C00"]
[WhiteElo "2271"]
[BlackElo "2055"]
[Annotator "NA"]
[PlyCount "149"]
[EventDate "2019.04.18"]
[EventType "swiss"]
[EventCountry "ESP"]
[SourceTitle "playchess.com"]
[Source "ChessBase"]
[SourceQuality "1"]
[TimeControl "5400+30"]

1. e4 e6 2. d3 d5 3. Nd2 Nf6 4. Ngf3 c5 5. g3 Nc6 6. Bg2 Be7 7. O-O O-O 8. Re1 b5 9. e5 Nd7 10. Nf1 a5 11. h4 b4 12. h5 a4 13. h6 g6 14. N1h2 a3 15. b3 Nd4 16. Nxd4 cxd4 17. Nf3 Qb6 18. Bg5 Bc5 19. Qd2 Bb7 20. Qf4 Rac8 21. Re2 Rfe8 22. Kh2 Nb8 23. Nxd4 Nc6 24. Nf3 Na7 25. Qf6 Bf8 26. Be3 Qa5 27. Ng5 Rc7 28. Rh1 Ba8 29. Kg1 Rd7 30. Rh4 Qd8 31. Qf4 Nb5 32. Bd2 Nc3 33. Bxc3 bxc3 34. d4 Qa5 35. Re3 Bb7 36. Bf1 Rc8 37. Rf3 Qc7 38. Qf6 Ra8 39. Bd3 Qd8 40. Qf4 Qe7 41. Re3 Rc7 42. Bf1 Ba6 43. Bh3 Bc8 44. Nf3 Ba6 45. Bg2 Rb8 46. Rh3 Rbc8 47. g4 Rb8 48. Qg3 Qb4 49. Qf4 Rbc8 50. Re1 Bb5 51. Qe3 Ba6 52. Nh2 Bb5 53. f4 Bd7 54. Nf3 Be7 55. Kh1 Rb8 56. Rg1 Qa5 57. Bf1 Bb5 58. Bg2 Bd7 59. Rg3 Rb4 60. Bh3 Rb8 61. f5 Qb4 62. Rf1 Bb5 63. Rf2 Bd7 64. fxe6 Bxe6 65. g5 Rcc8 66. Ng1 Bxh3 67. Nxh3 Qb6 68. Rg4 Rb7 69. Rgf4 Bd8 70. Qf3 Qe6 71. Rg4 Bb6 72. Nf4 Qf5 73. Nxd5 Qxf3+ 74. Rxf3 Rd8 75. Nxb6 1-0